Map: [ESL] Inside and Out

Players

ByuN - Winner!

  • Race: Terran Terran
  • Spawn Location: 1:00

heebeom (SHIN)

  • Race: Zerg Zerg
  • League: Master
  • Spawn Location: 7:00

VOD

Have the link to the VOD?

Description

Time

  • Played on: Nov. 4, 2022, 7:14 a.m.
  • Length: 13:57
Show
View Real Time Build Order
Export as new Build Order

ByuN Terran - Winner!

Build Orders: Hellion Banshee 

Get SALT Encoding   

  12  0:00  SCV  
  13  0:12  SCV  
  14  0:17  Supply Depot  
  14  0:24  SCV  
  15  0:39  SCV  
  15  0:41  Barracks  
  16  0:51  SCV  
  17  1:03  SCV  
  18  1:04  Refinery  
  18  1:15  SCV  
  19  1:28  Marine  
  19  1:29  Orbital Command  
  20  1:36  Command Center  
  20  1:46  Supply Depot, Marine  
  21  1:54  SCV  
  22  2:04  Marine  
  23  2:08  Factory  
  23  2:09  SCV  
  23  2:13  Refinery  
  24  2:21  SCV  
  25  2:26  Barracks Reactor  
  25  2:33  SCV  
  26  2:46  SCV  
  26  2:48  Orbital Command  
  27  2:51  Factory Tech Lab  
  27  2:57  Starport  
  27  2:59  SCV  
  27  3:02  Marine  
  27  3:03  Marine  
  30  3:12  Cyclone  
  34  3:14  SCV x2  
  34  3:19  Supply Depot  
  35  3:20  Marine  
  35  3:21  Marine  
  35  3:26  SCV x2  
  39  3:34  Medivac  
  39  3:37  Supply Depot  
  39  3:38  SCV x2  
  43  3:50  SCV x2  
  43  3:52  Hellion x2  
  43  3:55  Armory  
  49  3:56  Supply Depot  
  49  4:02  SCV x2  
  51  4:13  Hellion x2, Banshee  
  51  4:14  SCV x2  
  60  4:18  Supply Depot  
  60  4:25  Cloaking Field  
  60  4:26  SCV x2  
  62  4:35  Hellion x2  
  66  4:42  SCV x2  
  68  4:51  Command Center, Barracks Tech Lab  
  68  4:54  SCV  
  69  5:05  Hellion x2, Banshee  
  70  5:11  Marine  
  70  5:14  Refinery, Stimpack  
  70  5:15  Refinery  
  70  5:17  SCV x2  
  70  5:21  Engineering Bay  
  71  5:23  Engineering Bay  
  71  5:29  Hellion, Marine  
  71  5:30  Barracks x2, Hellion  
  71  5:33  SCV  
  77  5:38  SCV  
  78  5:51  Hellion  
  78  5:52  SCV x2  
  78  5:53  Terran Infantry Armor Level 1, Terran Infantry Weapons Level 1  
  76  6:02  Hellion  
  71  6:04  SCV x2  
  71  6:08  Barracks  
  71  6:09  Barracks  
  71  6:11  Marine  
  72  6:13  Orbital Command  
  72  6:16  SCV x2  
  77  6:21  Barracks Reactor x2  
  75  6:27  Starport Reactor  
  75  6:28  SCV x2  
  77  6:34  Terran Vehicle And Ship Armor Level 1  
  77  6:35  Orbital Command  
  77  6:36  Marine  
  77  6:37  Starport Reactor  
  78  6:40  SCV x2  
  78  6:41  Widow Mine x2  
  84  6:53  SCV x2  
  84  6:54  Marine  
  83  6:55  Barracks  
  83  6:56  Barracks  
  83  6:58  Combat Shield, Marine x4  
  83  6:59  Barracks Reactor, Barracks  
  83  7:00  Barracks Reactor  
  88  7:04  SCV  
  88  7:05  SCV x2  
  91  7:12  Marine  
  92  7:16  Supply Depot, SCV  
  92  7:17  Supply Depot  
  92  7:20  Supply Depot  
  93  7:22  Marine x3  
  93  7:23  Supply Depot, SCV, Medivac x2  
  101  7:33  Supply Depot  
  101  7:37  Marine  
  101  7:38  SCV x3, Widow Mine x2, Marine x3  
  101  7:40  Supply Depot, Marine x2  
  101  7:44  Supply Depot  
  114  7:46  Marine x2  
  114  7:48  Terran Infantry Armor Level 2  
  119  7:54  Terran Infantry Weapons Level 2  
  119  7:57  Marine x3  
  119  7:58  Marine x2  
  124  8:00  Barracks Tech Lab x3  
  121  8:06  Command Center  
  121  8:09  Marine x2  
  121  8:10  Marine  
  124  8:14  Marine  
  124  8:15  Marine x2  
  124  8:16  Widow Mine x2  
  124  8:17  Concussive Shells  
  131  8:22  Marauder  
  133  8:29  Marauder, Marine x4  
  133  8:30  Marine  
  133  8:31  Marauder x2  
  141  8:37  Widow Mine  
  141  8:38  Missile Turret  
  141  8:39  Missile Turret  
  143  8:42  Marine x3  
  143  8:43  Marauder  
  143  8:46  SCV x2, Missile Turret  
  143  8:47  Marine x2  
  151  8:55  Medivac  
  152  8:56  Medivac  
  154  9:04  Marauder, Marine  
  154  9:09  Marauder, Marine x3  
  161  9:16  Supply Depot  
  162  9:25  Medivac  
  162  9:26  Medivac  
  162  9:27  Supply Depot  
  162  9:28  Supply Depot  
  162  9:29  Orbital Command  
  162  9:30  Marauder x2  
  162  9:31  Marauder  
  171  9:35  Marine x3  
  177  9:50  Marauder  
  177  9:51  SCV x2  
  177  9:52  Marauder  
  164  9:54  Marine x6  
  164  9:55  Medivac  
  164  9:57  Marine  
  164  9:58  Marine  
  172  10:00  Marauder  
  172  10:01  Marauder  
  172  10:02  Widow Mine  
  172  10:03  SCV x2  
  180  10:07  Widow Mine  
  180  10:11  Marauder  
  180  10:14  Marine x3  
  180  10:15  Marine x2  
  180  10:17  Marine  
  180  10:19  Marine  
  154  10:24  Widow Mine  
  154  10:25  Marine  
  149  10:28  Widow Mine  
  149  10:29  Medivac x2  
  138  10:37  Marine x2  
  138  10:40  Marine  
  138  10:41  Marine  
  125  10:45  Widow Mine  
  125  10:48  Marine  
  125  10:49  Marine x3  
  125  10:50  Widow Mine  
  125  10:52  Marine x2  
  125  10:53  Marine x2  
  124  10:59  Medivac  
  124  11:00  Missile Turret  
  124  11:01  SCV x2  
  124  11:02  SCV  
  126  11:08  Missile Turret  
  126  11:09  Marine  
  126  11:10  Marine  
  128  11:12  Marine  
  128  11:16  Marine x2  
  128  11:17  Marine  
  130  11:20  Marine  
  130  11:22  Marine x2  
  133  11:27  Orbital Command  
  133  11:30  Marauder, Marine  
  133  11:31  Marine  
  133  11:32  Marine  
  136  11:34  Marine  
  136  11:36  Marine x2  
  139  11:46  Marine x2  
  139  11:47  Marine  
  141  11:49  Widow Mine, Marine  
  141  11:52  Marine x2  
  141  12:09  Widow Mine  
  141  12:11  Marine x3  
  141  12:13  Marine x2  
  141  12:18  Marine x3  
  141  12:19  Marine  
  124  12:23  Marine  
  124  12:24  Marine  
  124  12:28  Marine  
  121  12:30  Marine  
  121  12:32  Marine  
  121  12:34  Marine  
  121  12:36  Marine  
  124  12:40  Marine  
  124  12:41  Marine  
  124  12:42  Marine  
  119  12:45  Marine x2  
  117  12:51  Marine  
  117  12:52  Marine x3  
  117  12:56  Marine x2  
  117  12:57  Marine  
  124  12:59  Marine  
  124  13:02  Marine x2  
  124  13:04  Marine  
  128  13:10  Marine x2  
  128  13:11  Marine x2  
  132  13:16  Marine x4  
  132  13:18  Marine  
  136  13:21  Marine  
  136  13:22  Marine  
  136  13:23  Marine  
  139  13:28  Marine x2  
  139  13:33  Marine  
  131  13:34  Marine x2  
Show
View Real Time Build Order
Export as new Build Order

heebeom Zerg 

Build Orders: Pool First 

Get SALT Encoding   

  12  0:00  Drone  
  13  0:12  Overlord  
  13  0:16  Drone  
  14  0:30  Drone  
  14  0:31  Drone  
  16  0:40  Spawning Pool  
  15  0:43  Drone  
  15  0:46  Drone  
  17  1:07  Hatchery  
  17  1:09  Drone  
  17  1:13  Drone  
  17  1:17  Extractor  
  17  1:27  Queen  
  17  1:28  Zergling x2  
  20  1:35  Drone  
  20  1:39  Overlord  
  21  1:49  Drone  
  22  2:02  Queen  
  22  2:03  Drone  
  25  2:11  Drone  
  26  2:19  Queen  
  26  2:20  Drone  
  26  2:22  Drone  
  29  2:26  Metabolic Boost  
  30  2:30  Drone  
  30  2:34  Drone x2  
  30  2:35  Drone  
  30  2:36  Drone  
  34  2:50  Hatchery  
  33  2:54  Overlord  
  33  2:57  Drone  
  34  2:59  Drone  
  34  3:03  Overlord  
  35  3:13  Drone x5  
  35  3:14  Drone  
  35  3:19  Queen  
  43  3:25  Queen  
  45  3:30  Zergling x6  
  45  3:32  Zergling x2  
  49  3:39  Overlord  
  49  3:40  Drone x2  
  51  3:49  Overlord  
  51  3:57  Queen, Drone x4  
  51  4:01  Queen  
  59  4:04  Drone x3  
  59  4:05  Drone  
  63  4:12  Zergling x4  
  63  4:16  Zergling x4  
  67  4:17  Queen  
  67  4:20  Zergling x2  
  70  4:26  Overlord  
  70  4:27  Drone x4  
  74  4:32  Overlord  
  74  4:37  Spore Crawler  
  73  4:40  Overlord  
  73  4:41  Drone  
  73  4:43  Baneling Nest  
  73  4:44  Queen  
  74  4:45  Queen  
  74  4:51  Zergling x8  
  80  4:53  Spore Crawler  
  80  4:58  Zergling x8  
  81  5:04  Drone x3  
  78  5:07  Spore Crawler  
  78  5:09  Drone x5  
  78  5:10  Drone  
  78  5:11  Drone  
  84  5:17  Drone  
  84  5:18  Drone x4  
  84  5:20  Drone  
  90  5:24  Lair  
  90  5:26  Zergling x4, Extractor  
  91  5:38  Drone  
  91  5:41  Zergling x4, Extractor, Evolution Chamber  
  92  5:43  Evolution Chamber  
  92  5:44  Zergling x2  
  92  5:49  Zergling x4  
  92  5:53  Drone x2, Hatchery  
  92  5:55  Drone x2  
  92  5:56  Drone x2  
  94  5:58  Drone x5  
  94  6:01  Drone  
  91  6:05  Spore Crawler  
  91  6:07  Drone  
  91  6:10  Drone x2  
  93  6:18  Drone  
  94  6:24  Extractor  
  95  6:25  Zergling x4  
  95  6:26  Extractor  
  95  6:27  Spire  
  95  6:28  Zergling x2  
  95  6:31  Queen  
  95  6:32  Zergling x4  
  98  6:33  Extractor  
  98  6:34  Centrifugal Hooks  
  97  6:40  Overlord  
  97  6:41  Overlord  
  97  6:46  Overlord  
  97  6:50  Overlord  
  97  6:52  Overlord  
  97  6:54  Overlord  
  97  6:56  Hatchery  
  97  7:00  Zerg Ground Armor Level 1, Overseer, Zerg Melee Weapons Level 1  
  96  7:02  Zergling x2  
  96  7:03  Zergling x8  
  96  7:04  Zergling x2  
  96  7:06  Drone  
  102  7:09  Zergling x4  
  102  7:10  Zergling x2  
  102  7:12  Drone  
  105  7:22  Drone, Overlord  
  106  7:23  Baneling x5, Drone  
  106  7:24  Drone  
  106  7:25  Drone  
  106  7:26  Overlord  
  106  7:27  Zergling x4  
  111  7:30  Zergling x2  
  111  7:35  Hatchery  
  111  7:36  Overlord  
  111  7:38  Overlord  
  111  7:40  Mutalisk x6  
  121  7:48  Mutalisk  
  123  7:53  Drone x3  
  123  7:56  Drone x4  
  123  7:57  Baneling x2, Drone  
  123  7:58  Baneling, Extractor  
  130  8:02  Overlord  
  130  8:03  Zergling x12  
  130  8:05  Baneling x6  
  135  8:10  Zergling x14  
  135  8:12  Baneling x4  
  142  8:14  Drone  
  142  8:15  Drone  
  142  8:18  Drone  
  142  8:19  Baneling x5  
  145  8:20  Overlord  
  145  8:22  Zergling x2  
  145  8:26  Zergling x4  
  144  8:31  Drone x5  
  144  8:32  Baneling x8  
  148  8:34  Zergling x14  
  148  8:36  Zergling x2  
  148  8:39  Drone x3  
  157  8:44  Pneumatized Carapace  
  157  8:46  Zergling x10  
  162  8:54  Drone, Mutalisk, Extractor  
  162  8:55  Mutalisk x2  
  165  8:57  Zergling x14  
  165  9:01  Mutalisk  
  170  9:03  Zergling x4  
  170  9:05  Overseer  
  170  9:07  Zergling x4  
  170  9:08  Zergling x2  
  175  9:15  Mutalisk x2  
  179  9:18  Zergling x14  
  186  9:26  Mutalisk  
  186  9:27  Mutalisk x2  
  186  9:31  Zergling x18  
  197  9:39  Baneling x9  
  197  9:44  Baneling x5  
  194  9:49  Zergling x20  
  194  9:51  Baneling x2  
  194  9:52  Baneling x5  
  192  9:53  Baneling  
  192  9:56  Drone  
  191  10:00  Zergling x18  
  183  10:16  Zergling x20  
  183  10:17  Zergling x10  
  160  10:27  Mutalisk x7  
  160  10:30  Zergling x12  
  160  10:35  Queen, Drone  
  142  10:36  Drone x2  
  142  10:40  Drone x3  
  137  10:44  Mutalisk  
  137  10:48  Mutalisk x2  
  136  10:52  Drone x3  
  136  10:56  Zergling x4  
  139  10:59  Baneling x10  
  139  11:00  Zergling x4  
  141  11:05  Zergling x4, Queen  
  141  11:07  Baneling x4  
  145  11:12  Zergling x2  
  145  11:13  Zergling x8  
  145  11:17  Zergling x4  
  145  11:18  Baneling x6  
  150  11:22  Zergling x6  
  149  11:26  Zergling x4  
  149  11:30  Zergling x6  
  152  11:36  Zergling x12  
  152  11:37  Zergling x2  
  152  11:38  Baneling  
  152  11:39  Baneling x2  
  155  11:45  Baneling Nest  
  155  11:46  Zergling x12  
  150  11:56  Zergling x8  
  150  11:57  Zergling x6  
  150  12:01  Zergling x6  
  150  12:08  Zergling x12  
  141  12:10  Drone  
  129  12:16  Drone x4  
  129  12:19  Mutalisk  
  111  12:23  Mutalisk  
  111  12:27  Mutalisk  
  111  12:28  Zergling x2  
  113  12:30  Zergling x2  
  113  12:35  Mutalisk x2  
  107  12:38  Zergling x2  
  107  12:39  Zergling x2  
  107  12:42  Zergling x4  
  107  12:43  Baneling  
  111  12:45  Zergling x2  
  111  12:50  Zergling x4  
  113  12:54  Zergling x2  
  114  13:01  Baneling  
  114  13:02  Baneling x4  
  114  13:07  Zergling x4  
  114  13:08  Zergling x6, Hatchery  
  114  13:11  Zergling x4  
  114  13:12  Zergling x2  
  120  13:13  Baneling x2  
  117  13:20  Zergling x8  
  117  13:24  Zergling x2  
  117  13:26  Baneling x12  
  118  13:27  Zergling x2  
  118  13:34  Zergling x4  
Tags
 
Add a new tag
Caveats
  • Supply blocks, unpowered buildings, or Contaminate may cause inaccurate times.
  • Supply counts are checked every 10 seconds.